 Dungeon Crawl Stone Soup version 0.19-a0-1627-gc26532d (webtiles) character file.

186735 rjrrt the Impaler (level 18, 0/247 HPs)
             Began as a Hill Orc Fighter on Sept 17, 2016.
             Was the Champion of Nemelex Xobeh.
             Slain by a vault warden
             ... wielding a +0 war axe
              (12 damage)
             ... on level 1 of the Vaults on Sept 18, 2016.
             The game lasted 02:08:34 (45362 turns).

rjrrt the Impaler (Hill Orc Fighter)               Turns: 45362, Time: 02:08:35

Health: 0/247      AC: 27    Str: 29    XL:     18   Next: 5%
Magic:  25/25      EV: 13    Int: 14    God:    Nemelex Xobeh [******]
Gold:   1728       SH:  0    Dex: 10    Spells: 2 memorised, 13 levels left

rFire  . . .     SeeInvis +     f - +1 battleaxe (flame)
rCold  . . .     Gourm    .     z - +2 chain mail {rPois}
rNeg   . . .     Faith    .     (shield currently unavailable)
rPois  +         Spirit   .     T - +2 helmet {SInv}
rElec  .         Dismiss  .     o - +2 cloak
rCorr  .         Reflect  .     v - +2 pair of gloves
MR     ++...     Harm     .     l - +0 pair of boots
Stlth  ..........               (no amulet)
                                R - +3 ring of strength
                                L - ring of protection from magic

@: berserking, marked, very quick
A: no striking features
a: Triple Draw, Deal Four, Stack Five, Renounce Religion
}: 1/15 runes: decaying


You were on level 1 of the Vaults.
You worshipped Nemelex Xobeh.
Nemelex Xobeh was exalted by your worship.
You were hungry.

You visited 6 branches of the dungeon, and saw 29 of its levels.
You also visited: Labyrinth, Sewer, Ossuary and Volcano.

You collected 3349 gold pieces.
You spent 1621 gold pieces at shops.

Inventory:

Hand Weapons
 a - a +2 demon trident
 c - a +5 bardiche of chopping
 f - a +1 battleaxe of flaming (weapon)
 m - a +4 antimagic glaive
Armour
 l - a +0 pair of boots (worn)
 o - a +2 cloak (worn)
 v - a +2 pair of gloves (worn)
 z - a +2 chain mail of poison resistance (worn)
 T - a +2 helmet of see invisible (worn)
Rods
 b - a +3 rod of clouds (10/10)
   (You found it in a labyrinth)
 B - a +1 rod of inaccuracy (11/11)
   (You found it on level 5 of the Lair of Beasts)
Jewellery
 n - an uncursed ring of flight
 u - an uncursed ring of resist corrosion
 L - a ring of protection from magic (left hand)
 R - a +3 ring of strength (right hand)
Wands
 t - a wand of polymorph (3/24)
 A - a wand of iceblast (4/15)
 Y - a wand of teleportation (6/9)
Scrolls
 e - 7 scrolls of remove curse
 g - 4 scrolls of fear
 h - 4 scrolls of recharging
 w - 2 scrolls of holy word
 y - 3 scrolls of magic mapping
 E - 2 scrolls of teleportation
 J - 19 scrolls of identify
 V - 4 scrolls of fog
Potions
 d - 4 potions of might
 j - 2 potions of agility
 k - 3 potions of cure mutation
 p - 14 potions of curing
 r - 2 potions of invisibility
 C - 4 potions of cancellation
 D - 4 potions of haste
 K - 3 potions of resistance
 M - 2 potions of ambrosia
 N - 6 potions of lignification
Books
 H - a book of Cantrips

   Spells                             Type                      Level
   a - Confusing Touch                Hexes                        1
   b - Animate Skeleton               Necromancy                   1
   c - Summon Small Mammal            Summoning                    1
   d - Apportation                    Translocation                1
Miscellaneous
 s - a legendary deck of summoning {drawn: 7}
 F - an ornate deck of summoning {drawn: 2}
 G - a legendary deck of summoning
 I - an ornate deck of destruction {drawn: 3}
 O - an ornate deck of escape
 P - an ornate deck of destruction {drawn: 6}
 S - an ornate deck of summoning {drawn: 3}
 X - an ornate deck of escape
 Z - a legendary deck of escape {the Elixir, left: 5}
Comestibles
 q - 15 meat rations
 x - 7 bread rations


   Skills:
 - Level 15.6 Fighting
 * Level 19.6 Polearms
 - Level 14.0 Armour
 - Level 8.4 Dodging
   Level 3.2 Shields
 + Level 8.3 Charms
 - Level 4.0 Air Magic
 - Level 10.5 Invocations
 - Level 9.2 Evocations


You had 13 spell levels left.
You knew the following spells:

 Your Spells              Type           Power        Failure   Level  Hunger
r - Repel Missiles        Chrm/Air       ###...       14%         2    ###....
s - Swiftness             Chrm/Air       ###.....     14%         2    ###....


Dungeon Overview and Level Annotations

Branches:
Dungeon (15/15)            Temple (1/1) D:6            Lair (6/6) D:10
  Swamp (4/4) Lair:3        Snake (0/4) Lair:4        Slime (0/5) Lair:5
    Orc (2/2) D:10            Elf (0/3) Orc:2        Vaults (1/5) D:14
 Depths (0/5) D:15

Altars:
Cheibriados
Elyvilon
Fedhas
Hepliaklqana
Makhleb
Nemelex Xobeh
Okawaru
Qazlal
Sif Muna
Trog
Uskayaw
Vehumet
Yredelemnul
Zin
The Shining One
Jiyva

Shops:
D:9 (}[![   D:11 *!*?=   D:13 (!:   Orc:1 ?[   Orc:2 [?(:   Vaults:1 (

Annotations:
D:15 exclusion: ice statue
Lair:3 exclusion: 2 oklob plants
Swamp:2 exclusion: Roxanne, Roxanne


Message History

The vault warden hits you with a war axe!!
* * * LOW HITPOINT WARNING * * *
Unknown command.
You slice the orc knight!! You burn the orc knight.
The orc knight is moderately wounded.
You hit the vault warden. You burn the vault warden.
You barely miss the orc knight.
The orc knight is moderately wounded.
You hit the vault warden but do no damage.
The runic seal fades away.
The vault warden activates a sealing rune.
The orc knight hits you with an enchanted great sword!!
* * * LOW HITPOINT WARNING * * *
You slash the orc knight! You burn the orc knight.
The orc knight is heavily wounded.
You slice the yaktaur!! You burn the yaktaur. You hit the vault warden.
You burn the vault warden.
The vault warden hits you with a war axe!
You die...
Your body glows with a rainbow of weird colours and disappears.

###'######'#####....∩...#
...........# #...#.#..#
...........# #........#
#####......# #........#
...##......# #........#
...##......# #........#
.#.##......###########+######
...##......#..(c))()).......#
...##......#...o@()).(##.##.#
#..#####...#...p##....##....#
...### #...#..#.##..........#
.#.....#...+................#
.......#...##################
.......#...# #......#...#
.......#...# .......#...#


You could see a vault warden, an orc knight and a yaktaur.

Vanquished Creatures
  2 thorn hunters
  2 vault wardens (Vaults:1)
  The ghost of Rhandor the Spear-Bearer, a journeyman OgGl of Qazlal (Orc:1)
  A war gargoyle (Vaults:1)
  2 ironheart preservers (Vaults:1)
  A deep elf demonologist (Vaults:1)
  A dire elephant (D:15)
  Snorg (D:11)
  Josephine (Orc:2)
  3 ogre magi
  A vault guard (D:14)
  2 yaktaur captains (Vaults:1)
  Erolcha (D:9)
  23 hydras
  2 ghost crabs
  A catoblepas (Lair:6)
  A death knight (Vaults:1)
  An anaconda (Vaults:1)
  2 centaur warriors
  7 alligators
  10 death yaks (Lair:6)
  A tengu warrior (D:15)
  2 deep elf knights
  Urug (D:10)
  4 skeletal warriors (Vaults:1)
  6 unseen horrors
  A deep troll (Orc:2)
  3 wizards
  11 swamp dragons
  2 spriggan druids
  An ironbrand convoker (Vaults:1)
  10 hill giants
  8 ugly things
  A harpy (shapeshifter) (D:15)
  A shambling mangrove (Swamp:1)
  A necromancer (D:14)
  3 orc knights
  A moth of wrath (Vaults:1)
  6 deep elf magi
  2 orc sorcerers
  A shining eye (D:12)
  A manticore (D:15)
  2 centaur zombies
  5 cyclopes
  A water nymph (Vaults:1)
  4 elephants
  5 black mambas
  2 vault sentinels (Vaults:1)
  Maurice (D:8)
  16 spiny frogs
  An efreet (D:15)
  3 rime drakes
  6 komodo dragons
  7 yaktaurs (Vaults:1)
  A tengu conjurer (D:15)
  A harpy zombie (D:15)
  15 trolls
  A merfolk (D:15)
  A polar bear (Lair:2)
  A meliai (shapeshifter) (Vaults:1)
  A troll (shapeshifter) (D:15)
  6 tyrant leeches
  10 slime creatures
  8 two-headed ogres
  8 dream sheep
  7 bog bodies
  12 blink frogs
  9 hippogriffs
  Sigmund (D:2)
  A centaur simulacrum (D:14)
  3 shadows
  37 yaks
  5 spriggans
  7 wraiths
  2 fire bats (Volcano)
  A basilisk (Lair:2)
  9 humans (D:14)
  7 vampire mosquitoes
  2 steam dragons (D:11)
  21 swamp worms
  10 insubstantial wisps
  2 nagas (Lair:4)
  A soldier ant (shapeshifter) (D:15)
  2 mottled dragons
  3 wargs
  11 water moccasins
  10 porcupines
  10 swamp drakes
  9 wasps
  21 orc warriors
  8 sky beasts
  An ice beast (D:9)
  An eye of draining (D:9)
  3 phantoms
  11 wolves
  4 black bears
  23 ogres
  12 centaurs
  4 boggarts (D:12)
  The ghost of Warped the Bolt Thrower, an amateur KoHu (D:3)
  15 crocodiles
  4 big kobolds
  20 bullfrogs
  2 wyvern zombies
  5 scorpions
  22 killer bees
  6 howler monkeys
  22 wights
  4 electric eels
  6 crimson imps
  6 hounds
  A quasit (D:11)
  2 bullfrog skeletons
  A jelly (D:14)
  12 orc priests
  A gnoll shaman (D:6)
  8 centaur skeletons
  9 iguanas
  A hell rat (D:10)
  25 orc wizards
  15 worker ants
  A killer bee zombie (D:10)
  A big kobold zombie (Ossuary)
  9 mummies
  A hound skeleton (D:9)
  5 worker ant zombies
  11 gnolls
  2 howler monkey skeletons
  7 adders
  69 river rats
  6 shadow imps
  2 oozes
  An adder skeleton (D:4)
  An adder zombie (D:7)
  3 worms
  2 dart slugs (D:3)
  6 leopard geckos
  78 orcs
  3 ball pythons
  9 bats
  11 giant cockroaches
  4 goblins
  7 hobgoblins
  10 jackals
  6 quokkas
  2 frilled lizards
  3 gnoll zombies (Ossuary)
  3 hobgoblin zombies (Ossuary)
  19 kobolds
  2 kobold zombies
  A leopard gecko skeleton (D:7)
  An orc zombie (D:7)
  A quokka skeleton (D:5)
  A quokka zombie (D:8)
  2 rats
  A butterfly (Lair:3)
988 creatures vanquished.

Vanquished Creatures (collateral kills)
  the Lernaean hydra (Swamp:4)
  A tentacled monstrosity (Swamp:4)
  A thorn hunter (Swamp:3)
  Louise (D:15)
  A minotaur (Lab)
  A fire dragon (Vaults:1)
  A vault guard (D:14)
  Harold (D:12)
  15 hydras
  2 catoblepae (Lair:6)
  The ghost of Warped the Slicer, a journeyman KoHu of Okawaru (D:11)
  An alligator (Swamp:4)
  15 death yaks
  3 slime creatures (Swamp:4)
  2 swamp dragons
  A deep troll (Orc:2)
  A necromancer (D:14)
  A hill giant (D:14)
  A deep elf archer (Vaults:1)
  A deep elf mage (Vaults:1)
  4 ugly things
  A wolf spider (D:15)
  5 elephants
  A salamander (shapeshifter) (Vaults:1)
  A water nymph (shapeshifter) (Vaults:1)
  Psyche (D:8)
  A spiny frog (Swamp:2)
  A freezing wraith (Vaults:1)
  3 spriggans
  A shadow (Swamp:2)
  A wraith (Vaults:1)
  10 humans (D:14)
  7 yaks
  3 vampire mosquitoes (Swamp:4)
  A swamp worm (Swamp:3)
  A water moccasin (Lair:4)
  3 swamp drakes (Swamp:4)
  3 wolves (Lair:4)
  A necrophage (D:12)
  A centaur (D:10)
  An ogre (Orc:2)
  A big kobold (D:9)
  4 killer bees
  A bullfrog zombie (D:10)
  A gnoll shaman (D:10)
  A hell rat (D:10)
  4 gnolls (D:10)
  A river rat (Lair:6)
  A shadow imp (D:14)
  2 orcs
  A quokka (D:10)
  A rat (D:10)
121 creatures vanquished.

Vanquished Creatures (others)
  A death yak (Lair:4)
  2 yaks
  A hog (Volcano)
  A wasp (Swamp:3)
  A centaur (Volcano)
  An orc priest (Orc:2)
  A block of ice (Swamp:4)
  10 fungi
  7 plants
25 creatures vanquished.

Grand Total: 1134 creatures vanquished

Notes
Turn   | Place    | Note
-------+----------+-------------------------------------------
     0 | D:1      | rjrrt the Hill Orc Fighter began the quest for the Orb.
     0 | D:1      | Reached XP level 1. HP: 19/19 MP: 1/1
   148 | D:1      | Reached skill level 3 in Polearms
   148 | D:1      | Reached XP level 2. HP: 10/26 MP: 2/2
   678 | D:1      | Reached XP level 3. HP: 31/31 MP: 3/3
   798 | D:2      | Noticed Sigmund
  1060 | D:2      | Killed Sigmund
  1060 | D:2      | Reached skill level 6 in Polearms
  1060 | D:2      | Reached XP level 4. HP: 31/39 MP: 4/4
  1060 | D:2      | Reached XP level 5. HP: 35/45 MP: 5/5
  2096 | D:3      | Noticed Warped's ghost (amateur KoHu)
  3107 | D:3      | Killed Warped's ghost
  3107 | D:3      | Reached skill level 7 in Polearms
  3107 | D:3      | Reached XP level 6. HP: 25/51 MP: 6/6
  3516 | D:3      | Found a faded altar of an unknown god.
  3748 | D:4      | Reached skill level 8 in Polearms
  3748 | D:4      | Reached XP level 7. HP: 57/57 MP: 7/7
  3890 | D:4      | Reached skill level 9 in Polearms
  4191 | D:4      | Reached XP level 8. HP: 23/64 MP: 8/8
  4588 | D:4      | Reached skill level 10 in Polearms
  4762 | D:5      | Entered Level 5 of the Dungeon
  4768 | D:5      | Found a blossoming altar of Fedhas.
  5106 | D:5      | Found a deep blue altar of Sif Muna.
  5556 | D:6      | Found a basalt altar of Yredelemnul.
  5971 | D:6      | Found a staircase to the Ecumenical Temple.
  5983 | D:6      | Found a glowing drain.
  6001 | Sewer    | Entered a sewer
  6659 | D:6      | Reached skill level 11 in Polearms
  6766 | D:6      | Found a hazy altar of Hepliaklqana.
  6766 | D:6      | Found a hide-covered altar of Uskayaw.
  7112 | D:7      | Reached XP level 9. HP: 71/71 MP: 9/9
  7140 | D:7      | Reached skill level 12 in Polearms
  7168 | D:7      | Found a sand-covered staircase.
  7203 | Ossuary  | Entered an ossuary
  8333 | D:7      | Reached skill level 5 in Fighting
  8410 | Temple   | Entered the Ecumenical Temple
  8450 | Temple   | Became a worshipper of Nemelex Xobeh the Trickster
  8645 | D:8      | Found a stormy altar of Qazlal.
  8763 | D:8      | Reached skill level 5 in Armour
  8808 | D:8      | Received a gift from Nemelex Xobeh
  8841 | D:8      | Noticed Psyche
  8850 | D:8      | Killed Psyche
  8850 | D:8      | Reached skill level 13 in Polearms
  9130 | D:9      | Found Kena's Armour Shoppe.
  9131 | D:9      | Found Evifal's Gadget Shop.
  9131 | D:9      | Noticed a two-headed ogre
  9132 | D:9      | Noticed Erolcha
  9137 | D:9      | Killed a two-headed ogre
  9137 | D:9      | Reached XP level 10. HP: 84/84 MP: 10/10
  9138 | D:9      | Noticed Maurice
  9154 | D:9      | Killed Erolcha
  9195 | D:8      | Killed Maurice
  9648 | D:9      | Found Rudgh's Antique Armour Boutique.
  9681 | D:9      | Found Liheg's Distillery.
  9711 | D:9      | Reached * piety under Nemelex Xobeh
  9711 | D:9      | Received a gift from Nemelex Xobeh
  9794 | D:9      | Found Cimoaq's Antique Weapon Shop.
  9888 | D:9      | Killed an unseen horror
  9888 | D:9      | Reached skill level 14 in Polearms
 10326 | D:9      | Bought a potion of resistance for 140 gold pieces
 10326 | D:9      | Bought a potion of ambrosia for 112 gold pieces
 10599 | D:9      | Noticed a two-headed hydra
 10608 | D:9      | Killed a two-headed hydra
 10608 | D:9      | Reached XP level 11. HP: 95/95 MP: 11/11
 10956 | D:10     | Entered Level 10 of the Dungeon
 10959 | D:10     | Noticed a cyan ugly thing
 10973 | D:10     | Killed a cyan ugly thing
 11502 | D:10     | Found a staircase to the Lair.
 11570 | D:10     | Noticed a hill giant
 11580 | D:10     | Killed a hill giant
 11846 | D:10     | Noticed Urug
 11862 | D:10     | Killed Urug
 11862 | D:10     | Reached skill level 15 in Polearms
 12102 | D:10     | Reached skill level 1 in Invocations
 12150 | D:10     | Reached skill level 1 in Dodging
 12173 | D:10     | Found a staircase to the Orcish Mines.
 12760 | Lair:1   | Entered Level 1 of the Lair of Beasts
 13005 | Lair:1   | Received a gift from Nemelex Xobeh
 13595 | Lair:1   | Reached ** piety under Nemelex Xobeh
 14207 | Lair:1   | Reached skill level 5 in Invocations
 14593 | Lair:2   | Noticed a six-headed hydra
 14603 | Lair:1   | Killed a six-headed hydra
 14935 | Lair:2   | Reached XP level 12. HP: 98/106 MP: 16/16
 15024 | Lair:2   | Reached skill level 10 in Fighting
 15650 | Lair:2   | Noticed a six-headed hydra
 15663 | Lair:2   | Killed a six-headed hydra
 16561 | Lair:3   | Reached *** piety under Nemelex Xobeh
 16577 | Lair:3   | Received a gift from Nemelex Xobeh
 16674 | Lair:3   | Received a gift from Nemelex Xobeh
 17507 | Lair:3   | Found a staircase to the Swamp.
 17923 | Lair:4   | Noticed a seven-headed hydra
 17954 | Lair:4   | Killed a seven-headed hydra
 17984 | Lair:4   | Reached skill level 10 in Armour
 18045 | Lair:4   | Received a gift from Nemelex Xobeh
 18096 | Lair:4   | Reached XP level 13. HP: 28/116 MP: 20/20
 18125 | Lair:4   | Reached **** piety under Nemelex Xobeh
 18245 | Lair:4   | Found a staircase to the Snake Pit.
 18306 | Lair:4   | Reached skill level 5 in Dodging
 18324 | Lair:4   | Reached skill level 10 in Invocations
 18407 | Lair:4   | Found a dark tunnel.
 18414 | Volcano  | Entered a volcano
 18877 | Volcano  | Received a gift from Nemelex Xobeh
 20385 | Lair:4   | Received a gift from Nemelex Xobeh
 20509 | Lair:5   | Received a gift from Nemelex Xobeh
 20567 | Lair:5   | Identified a scroll of acquirement
 20729 | Lair:5   | Reached ***** piety under Nemelex Xobeh
 20938 | Lair:5   | Found a staircase to the Slime Pits.
 20938 | Lair:5   | Found a viscous altar of Jiyva.
 21074 | Lair:5   | Received a gift from Nemelex Xobeh
 21403 | Lair:5   | Identified a +1 rod of inaccuracy (11/11) (You found it on level 5 of the Lair of Beasts)
 21418 | Lair:6   | Entered Level 6 of the Lair of Beasts
 21518 | Lair:6   | Found a labyrinth entrance.
 21527 | Lab      | Entered a labyrinth
 21623 | Lab      | Received a gift from Nemelex Xobeh
 21778 | Lab      | Noticed a minotaur
 21796 | Lab      | Killed a minotaur
 21796 | Lab      | Reached skill level 1 in Evocations
 21964 | Lair:6   | Identified a +3 rod of clouds (10/10) (You found it in a labyrinth)
 22178 | Lair:6   | Reached XP level 14. HP: 52/127 MP: 21/21
 23330 | Lair:6   | Received a gift from Nemelex Xobeh
 23451 | Lair:6   | Reached skill level 5 in Evocations
 24270 | Lair:6   | Gained mutation: Your mind is acute. (Int +2) [potion of beneficial mutation]
 24803 | Orc:1    | Entered Level 1 of the Orcish Mines
 24836 | Orc:1    | Noticed Rhandor's ghost (journeyman OgGl)
 24839 | Orc:1    | Found Qang's Magic Scroll Shop.
 24867 | Orc:1    | Killed Rhandor's ghost
 24867 | Orc:1    | Reached skill level 16 in Polearms
 26070 | Orc:1    | Bought a scroll of magic mapping for 38 gold pieces
 26070 | Orc:1    | Bought a scroll of teleportation for 33 gold pieces
 26070 | Orc:1    | Bought a scroll of vulnerability for 82 gold pieces
 26070 | Orc:1    | Bought a scroll of fog for 22 gold pieces
 26337 | Orc:1    | Found Vaatsoer's Armour Boutique.
 26424 | Orc:1    | Learned a level 2 spell: Swiftness
 26519 | Orc:2    | Entered Level 2 of the Orcish Mines
 26748 | Orc:2    | Reached skill level 1 in Charms
 26811 | Orc:2    | Reached XP level 15. HP: 60/137 MP: 22/22
 27287 | Orc:2    | Reached skill level 1 in Air Magic
 28261 | Orc:2    | Found a staircase to the Elven Halls.
 28358 | Orc:2    | Found Urhaleurph's Magic Scroll Emporium.
 28365 | Orc:2    | Found Deag's Book Shop.
 28365 | Orc:2    | Received a gift from Nemelex Xobeh
 28365 | Orc:2    | Found Deckikua's Armour Shop.
 28367 | Orc:2    | Found Uchey's Weapon Boutique.
 28371 | Orc:2    | Bought a scroll of teleportation for 54 gold pieces
 28402 | Orc:2    | Bought a +0 helmet of see invisible for 138 gold pieces
 28661 | Orc:1    | Noticed Josephine
 28682 | Orc:2    | Killed Josephine
 29496 | D:11     | Found Lauffov's General Store.
 29548 | D:11     | Received a gift from Nemelex Xobeh
 29877 | D:11     | Found Doihouppek's Distillery.
 29882 | D:11     | Bought a potion of haste for 140 gold pieces
 29882 | D:11     | Bought a potion of curing for 42 gold pieces
 29882 | D:11     | Bought a potion of heal wounds for 70 gold pieces
 29882 | D:11     | Bought a potion of heal wounds for 70 gold pieces
 29904 | D:11     | Found Qock's Magic Scroll Emporium.
 29912 | D:11     | Bought a scroll of enchant armour for 105 gold pieces
 29932 | D:11     | Received a gift from Nemelex Xobeh
 30037 | D:11     | Noticed Warped's ghost (journeyman KoHu)
 30040 | D:11     | Killed Warped's ghost
 30054 | D:11     | Found Miakk's Assorted Antiques.
 30136 | D:11     | Found Calepef's Jewellery Emporium.
 30171 | D:11     | Received a gift from Nemelex Xobeh
 30294 | D:11     | Noticed Snorg
 30297 | D:11     | Killed Snorg
 30719 | D:12     | Received a gift from Nemelex Xobeh
 30750 | D:12     | Noticed Harold
 30762 | D:12     | Killed Harold
 30794 | D:12     | Gained mutation: Armour fits poorly on your strangely shaped body. [a shining eye]
 30832 | D:12     | Lost mutation: Your mind is acute. (Int +2) [potion of cure mutation]
 30832 | D:12     | Lost mutation: Armour fits poorly on your strangely shaped body. [potion of cure mutation]
 31634 | D:13     | Found Coneruf's Antique Weapon Shoppe.
 31678 | D:13     | Found Diammair's Distillery.
 31693 | D:13     | Bought a potion of heal wounds for 85 gold pieces
 31712 | D:13     | Received a gift from Nemelex Xobeh
 31717 | D:13     | Found Ixti's Book Boutique.
 31724 | D:13     | Bought a book of Air for 490 gold pieces
 31728 | D:13     | Learned a level 2 spell: Repel Missiles
 31971 | D:13     | Reached ****** piety under Nemelex Xobeh
 32078 | D:13     | Received a gift from Nemelex Xobeh
 32650 | D:14     | Found a gate to the Vaults.
 32947 | D:14     | Received a gift from Nemelex Xobeh
 33008 | D:14     | Reached XP level 16. HP: 142/147 MP: 23/23
 33150 | D:14     | Found a snail-covered altar of Cheibriados.
 33623 | D:15     | Entered Level 15 of the Dungeon
 33821 | D:15     | Received a gift from Nemelex Xobeh
 33977 | D:15     | Found an iron altar of Okawaru.
 34056 | D:15     | Found a staircase to the Depths.
 34198 | D:15     | Received a gift from Nemelex Xobeh
 34240 | D:15     | Found a hide-covered altar of Uskayaw.
 34292 | D:15     | Noticed Louise
 34306 | D:15     | Killed Louise
 35002 | Swamp:1  | Entered Level 1 of the Swamp
 35050 | Swamp:1  | Received a gift from Nemelex Xobeh
 35643 | Swamp:1  | Reached skill level 17 in Polearms
 35934 | Swamp:1  | Received a gift from Nemelex Xobeh
 36408 | Swamp:2  | Reached skill level 5 in Charms
 36416 | Swamp:2  | Reached skill level 15 in Fighting
 36612 | Swamp:2  | Noticed Roxanne
 37334 | Swamp:3  | Received a gift from Nemelex Xobeh
 38258 | Swamp:3  | Noticed a thorn hunter
 38282 | Swamp:3  | Killed a thorn hunter
 39334 | Swamp:4  | Entered Level 4 of the Swamp
 39337 | Swamp:4  | Noticed a thorn hunter
 39349 | Swamp:4  | Killed a thorn hunter
 39349 | Swamp:4  | Reached XP level 17. HP: 120/156 MP: 24/24
 39515 | Swamp:4  | Noticed a tentacled monstrosity
 39521 | Swamp:4  | Killed a tentacled monstrosity
 40294 | Swamp:4  | Received a gift from Nemelex Xobeh
 40603 | Swamp:3  | Reached skill level 18 in Polearms
 41656 | Swamp:4  | Noticed the 27-headed Lernaean hydra
 41671 | Swamp:4  | Killed the 26-headed Lernaean hydra
 42361 | Swamp:4  | Got a decaying rune of Zot
 42745 | Vaults:1 | Entered Level 1 of the Vaults
 42746 | Vaults:1 | Upgraded the game from 0.19-a0-1613-g7c9bbd0 to 0.19-a0-1627-gc26532d
 42983 | Vaults:1 | Found Qovuhost's Antique Weapon Boutique.
 43001 | Vaults:1 | Received a gift from Nemelex Xobeh
 43386 | Vaults:1 | Reached skill level 19 in Polearms
 44852 | Vaults:1 | HP: 5/156 [drowned by a water nymph (11)]
 45327 | Vaults:1 | Reached XP level 18. HP: 114/165 MP: 25/25
 45361 | Vaults:1 | HP: 12/247 [orc knight/enchanted great sword (23)]
 45362 | Vaults:1 | Slain by a vault warden

Vault maps used:
D:1:      roderic_crop_circles_arrival_small
D:2:      first_bread, minivault_27, small_statue_intersection, uniq_sigmund
D:3:      ecumenical_altar_2
D:5:      lemuel_blue_sif_altar, basic_altar
D:6:      lemuel_ice_spiral_2, gammafunk_temple_overflow_wave,
          yredelemnul_altar_generic, portal_sewer_entry_f
D:7:      nicolae_ossuary_entry_giza
D:8:      nicolae_qazlal_general_emergency, uniq_psyche
D:9:      serial_shops, shop, shop_fountains, kennysheep_mini, shop, shop,
          enter_bailey_8, hangedman_ranch, uniq_erolcha, uniq_maurice
D:10:     dpeg_lair_monsters, david_orc_3, uniq_urug
D:11:     serial_shops, shop, nicolae_shop_competitors_out_of_business,
          nicolae_shop_statue_plus, shop, shop, uniq_snorg
D:12:     uniq_harold
D:13:     serial_shops, shop, nicolae_shop_crystal,
          nicolae_shop_overgrown_old_shop
D:14:     grunt_vaults_entry_tiered, cheibriados_altar_1
D:15:     hangedman_depths_entry_try_elsewhere_first, basic_altar,
          okawaru_ov_weapons_minmay, hangedman_abyss_or_decor_slice,
          roderic_digamma_sauvastika, minmay_misc_feat_tiny, minivault_16,
          uniq_louise
Temple:   nicolae_temple_elliptical
Lair:1:   nicolae_quartered_pool_medium
Lair:2:   st_stairs_3, serial_bayou_pond_b, grunt_megastairs_2
Lair:3:   nicolae_swamp_entry_splash_gauntlet, dpeg_stationary_puzzle,
          grunt_megastairs_4, lemuel_fruit_fields, infiniplex_staircase_pool_2
Lair:4:   guppyfry_snake_entry_island, nicolae_volcano_entry_two_sided,
          serial_bayou_shore_a
Lair:5:   slime_altar_1, serial_bayou_shore_b
Lair:6:   evilmike_catoblepas_cave, lab_entry_generic, grunt_megastairs_5
Swamp:1:  evilmike_swamp_ruin_house_4, swamp_pool3, grunt_witch_cave
Swamp:2:  nicolae_swamp_triple_paths, uniq_roxanne
Swamp:3:  nicolae_swamp_dense_foliage
Swamp:4:  swamp_old_school
Orc:1:    serial_shops, shop, nicolae_shop_stone, mines4_lemuel, uniq_josephine
Orc:2:    st_orc_open
Vaults:1: hangedman_vaults_river_flow, kb_rosetta,
          vaults_room_grunt_arrival_ludios, vaults_dpeg_ring,
          vaults_mumra_chevron, hangedman_vaults_slice,
          hangedman_vaults_variations, serial_shops, nicolae_shop_crystal
Lab:      labyrinth_mini_lab
Sewer:    sewer_the_crocodile
Ossuary:  ossuary_tomb_3
Volcano:  volcano_village

Skill      XL: |  1  2  3  4  5  6  7  8  9 10 11 12 13 14 15 16 17 |
---------------+----------------------------------------------------+-----
Polearms       | 3 6 7 8 9 11 13 14 15 16 17 19 | 19.6
Fighting       | 4 6 8 9 11 12 13 14 15 | 15.6
Armour         | 5 7 8 10 11 12 13 14 | 14.0
Invocations    | 6 9 10 | 10.5
Dodging        | 2 4 6 7 8 |  8.4
Evocations     | 2 7 8 9 |  9.2
Charms         | 1 3 5 8 |  8.3
Air Magic      | 3 4 |  4.0
Shields        | |  3.2

Action                   |  1- 3 |  4- 6 |  7- 9 | 10-12 | 13-15 | 16-18 || total
-------------------------+-------+-------+-------+-------+-------+-------++-------
Melee: Trident           |    77 |   194 |       |       |       |       ||   271
       Halberd           |       |    26 |   492 |   381 |       |       ||   899
       Demon trident     |       |       |       |   674 |  1899 |  1218 ||  3791
       Battleaxe         |       |       |       |       |    30 |    96 ||   126
       Glaive            |       |       |       |       |     8 |       ||     8
       Bardiche          |       |       |       |       |       |    18 ||    18
Throw: Tomahawk          |       |       |       |     3 |       |       ||     3
       Javelin           |       |       |       |       |     4 |       ||     4
Invok: Stack Five        |       |       |       |       |       |     1 ||     1
Evoke: Deck              |       |       |     3 |    14 |    61 |    43 ||   121
       Wand              |       |       |       |     4 |       |       ||     4
  Use: Scroll            |       |     7 |    16 |    12 |    10 |    11 ||    56
       Potion            |       |       |       |     8 |     5 |     8 ||    21
 Stab: Distracted        |       |       |       |     1 |     8 |     4 ||    13
       Paralysed         |       |       |       |       |     2 |       ||     2
       Petrified         |       |       |       |       |     4 |       ||     4
       Petrifying        |       |       |       |       |     2 |       ||     2
  Eat: Chunk             |       |     5 |    12 |    19 |    35 |    15 ||    86
       Bread ration      |       |     1 |       |       |       |     4 ||     5
       Fruit             |       |       |     2 |       |    11 |     2 ||    15
       Beef jerky        |       |       |     1 |     1 |     3 |     4 ||     9
       Royal jelly       |       |       |     1 |       |       |       ||     1
       Pizza             |       |       |       |     6 |     1 |       ||     7
Armor: Scale mail        |    14 |       |       |       |       |       ||    14
       Chain mail        |     5 |    78 |   196 |       |   402 |   708 ||  1389
       Plate armour      |       |       |    58 |   732 |   319 |       ||  1109
       Ring mail         |       |       |       |       |    43 |       ||    43
Dodge: Dodged            |    12 |    27 |   117 |   246 |   618 |   570 ||  1590
Block: Shield            |    24 |    76 |       |       |       |       ||   100
